 Dungeon Crawl Stone Soup version 0.32-a0-666-ge8a88695a4 (webtiles) character file.

Game seed: 4255267608883147605

114 ezpacito the Chopper (level 4, 0/35 HPs)
             Began as a Coglin Chaos Knight on Mar 9, 2024.
             Was a Plaything of Xom.
             Slain by a gnoll
             ... wielding a +0 whip
              (1 damage)
             ... on level 2 of the Dungeon.
             The game lasted 00:01:25 (938 turns).

ezpacito the Chopper (Coglin Chaos Knight)           Turns: 938, Time: 00:01:25

Health: 0/35       AC:  3    Str: 14      XL:     4   Next: 97%
Magic:  5/5        EV: 12    Int: 11      God:    Xom [...*..]
Gold:   7          SH:  0    Dex: 13 (14) Spells: 4/4 levels left

rFire   . . .        a - +0 hand axe (chaos) {Yongsun}
rCold   . . .        d - +0 dagger {Jia}
rNeg    . . .        p - +2 robe {Will+}
rPois   .            (no helmet)
rElec   .            (no cloak)
rCorr   .            (no gloves)
SInv    .            (no boots)
Will    +....        (amulet unavailable)
Stlth   ++           (ring unavailable)
HPRegen 0.25/turn    (ring unavailable)
MPRegen 0.09/turn    (no gizmo)

%: clarity
@: no status effects
A: off-hand wielding, slow wielding, warmup strikes, no jewellery, clarity,
deformed body, deterioration 1
a: Invent Gizmo, Renounce Religion


You were on level 2 of the Dungeon.
You worshipped Xom.
You were a favourite toy of Xom.
You visited 1 branch of the dungeon, and saw 2 of its levels.

You collected 7 gold pieces.

Inventory:

Hand Weapons
 a - a +0 hand axe of chaos (weapon) {Yongsun}
 d - a +0 dagger (offhand) {Jia}
 o - a +4 club
Armour
 b - a +2 leather armour
 p - a +2 robe of willpower (worn)
Magical Staves
 r - a staff of air
Talismans
 g - a serpent talisman
Wands
 n - a wand of mindburst (2)
Scrolls
 e - a scroll of enchant weapon {unknown}
 f - a scroll of amnesia {unknown}
 i - a scroll of brand weapon {unknown}
 j - a scroll of immolation {unknown}
 k - 3 scrolls of revelation {unknown}
 m - a scroll of fog {unknown}
 q - a scroll of blinking {unknown}
Potions
 h - a potion of degeneration {unknown}


   Skills:
 * Level 3.5 Fighting
 * Level 3.5(3.6) Axes
 + Level 1.0(2.3) Polearms
 * Level 2.5 Armour
 * Level 1.6 Dodging
 + Level 1.0 Stealth
 + Level 0.8 Spellcasting


You had 4 spell levels left.
You didn't know any spells.
Your spell library was empty.

Dungeon Overview and Level Annotations

Branches:
Dungeon (2/15)

Altars:


Innate Abilities, Weirdness & Mutations

You can wield a second weapon in your off-hand.
It takes a long time for you to wield or remove held weapons.
Your first few attacks do less damage.
You cannot equip rings or amulets.
You possess an exceptional clarity of mind.
Armour fits poorly on your strangely shaped body.
Your body sometimes deteriorates upon taking damage.


Message History

The gnoll is knocked back by the sudden gust. x3
You swap places.
The frilled lizard closely misses your butterfly.
The gnoll hits you from afar with a +0 spear.
Your body deteriorates!
You feel clumsy. The gnoll barely misses your butterfly.
You take 3 damage, and have 17/35 hp.
You swap places.
The frilled lizard completely misses your butterfly.
The gnoll hits you with a +0 spear!
* * * LOW HITPOINT WARNING * * *
The gnoll closely misses you.
The gnoll hits your butterfly with a +0 halberd!
Your butterfly dies!
Your butterfly disappears in a burst of colours!
You take 7 damage, and have 10/35 hp.
You hit the gnoll with your +0 hand axe of chaos.
You burn the gnoll.
You kill the gnoll!
You closely miss the gnoll with your +0 hand axe of chaos.
The gnoll hits you with a +0 whip!
* * * LOW HITPOINT WARNING * * *
The gnoll misses your butterfly.
You take 7 damage, and have 3/35 hp.
You swap places.
The frilled lizard bites your butterfly.
Your butterfly dies!
Your butterfly disappears in a burst of colours!
The gnoll attacks as it pursues you! The gnoll barely misses you.
The gnoll closely misses your butterfly.
The gnoll closely misses your butterfly.
The gnoll barely misses your butterfly.
The frilled lizard closely misses your butterfly.
The gnoll attacks as it pursues you! The gnoll hits you with a +0 whip.
* * * LOW HITPOINT WARNING * * *
Something closely misses your butterfly.
You take 3 damage, and have 1/35 hp.
The frilled lizard misses your butterfly.
The gnoll attacks as it pursues you! The gnoll hits you with a +0 whip.
You die... #.......... #.......... ###### ##bb.b.b.... .†...########### #bbbbbgb..?#

.###...........## ##bbb.bb.....
...###########..###bl.bb.b.....
................b..bb)....b....
###..†.)....#.......#...bbb....
#####......)..@g###.b..b.....
##.###......## ##..bbb...#
#..##....##.. ...b....##
#.##..######## #.....###
###......# ####.. #........# ##
####.##.....########## .....#
.....##.......# ##. ######
##.####.......# ...


You could see a gnoll (ally target) and a frilled lizard (ally target).

Vanquished Creatures
  Jessica (D:2)
  3 adders (D:2)
  A gnoll (D:2)
  3 dart slugs
  4 bats (D:1)
  4 endoplasms
  4 giant cockroaches
  5 goblins
  3 hobgoblins
  3 quokkas (D:1)
  4 ball pythons
  7 frilled lizards
  2 kobolds
  2 rats (D:1)
46 creatures vanquished.

Notes
Turn   | Place    | Note
-------+----------+-------------------------------------------
     0 | D:1      | ezpacito the Coglin Chaos Knight began the quest for the
                  | Orb.
     0 | D:1      | Reached XP level 1. HP: 18/18 MP: 1/1
    44 | D:1      | Reached skill level 1 in Dodging
   111 | D:1      | Reached XP level 2. HP: 19/24 MP: 2/2
   127 | D:1      | XOM: noise
   253 | D:1      | Reached XP level 3. HP: 29/29 MP: 3/3
   359 | D:1      | Found a faded altar of an unknown god.
   603 | D:1      | XOM is BORED!
   603 | D:1      | XOM: give mutations
   603 | D:1      | Gained mutation: You possess an exceptional clarity of
                  | mind. [Xom's mischief]
   603 | D:1      | Gained mutation: You have hidden genetic defects. [Xom's
                  | mischief]
   698 | D:2      | Gained mutation: Armour fits poorly on your strangely
                  | shaped body. [hidden defects]
   711 | D:2      | Reached XP level 4. HP: 32/35 MP: 4/4
   719 | D:2      | XOM: summons 2 hostile shadow creatures
   727 | D:2      | Gained mutation: Your body sometimes deteriorates upon
                  | taking damage. [hidden defects]
   727 | D:2      | Lost mutation: You have hidden genetic defects. [hidden
                  | defects expressed]
   823 | D:2      | Noticed Jessica
   826 | D:2      | XOM: destruction
   829 | D:2      | Killed Jessica
   830 | D:2      | Reached skill level 1 in Polearms
   830 | D:2      | Reached skill level 1 in Stealth
   937 | D:2      | HP: 1/35 [gnoll/+0 whip (3)]
   938 | D:2      | Slain by a gnoll

Illustrated notes

Levels and vault maps discovered:
D:1:      dpeg_arrival_prison, layout_rooms, hellmonk_ecumenical_altar_run_dry,
          minmay_tall_x
D:2:      layout_rooms, uniq_sigmund, uniq_jessica

Skill      XL: |  1  2  3  4 |
---------------+-------------+-----
Dodging        | 1 |  1.6
Armour         | 2 |  2.5
Polearms       | 1 |  1.0
Stealth        | 1 |  1.0
Fighting       | |  3.5
Axes           | |  3.5
Spellcasting   | |  0.8

Action                     |  1- 3 |  4- 6 || total
---------------------------+-------+-------++-------
  Melee: Hand axe          |    73 |    24 ||    97
         Dagger            |    67 |    23 ||    90
    Use: Potion            |       |     2 ||     2
         Scroll            |       |     1 ||     1
   Stab: Sleeping          |     1 |       ||     1
         Paralysed         |       |     2 ||     2
 Armour: Leather armour    |    46 |    10 ||    56
         Robe              |       |    17 ||    17
  Dodge: Dodged            |    35 |    27 ||    62

Table legend: (Time is in decaauts)
 A = Elapsed time spent in this place.
 B = Non-inter-level travel time spent in this place.
 C = Inter-level travel time spent in this place.
 D = Time resting spent in this place.
 E = Time spent auto-exploring this place.
 F = Levels seen in this place.
 G = Mean time per level.
                   A        B        C        D        E       F      G
               +--------+--------+--------+--------+--------+-----+--------+
         Total |    945 |    901 |     44 |      0 |    620 |   2 |  472.5 |
       Dungeon |    945 |    901 |     44 |      0 |    620 |   2 |  472.5 |
               +--------+--------+--------+--------+--------+-----+--------+

Top non-repeatable levels by time:
     D:1: 624 daAuts
     D:2: 321 daAuts
